 Dungeon Crawl Stone Soup version 0.26-a0-812-g31a745ddcd (webtiles) character file.

Game seed: 15718943847240761879

131 Azzok the Chopper (level 4, -6/52 HPs)
             Began as a Demonspawn Berserker on Nov 22, 2020.
             Was a Believer of Trog.
             Killed from afar by an orc wizard (14 damage)
             ... with a puff of flame
             ... on level 3 of the Dungeon.
             The game lasted 00:02:15 (2375 turns).

Azzok the Chopper (Demonspawn Berserker)            Turns: 2375, Time: 00:02:16

Health: -6/52      AC: 11    Str: 18    XL:     4   Next: 91%
Magic:  4/4        EV:  5    Int:  9    God:    Trog [**....]
Gold:   81         SH:  0    Dex: 12    Spells: 3/3 levels left

rFire    . . .     SeeInvis .   a - +0 hand axe
rCold    . . .     Faith    .   (no shield)
rNeg     . . .     Spirit   .   l - +0 plate armour
rPois    .         Reflect  .   (no helmet)
rElec    .         Harm     .   i - +0 cloak
rCorr    .         Rampage  .   (no gloves)
MR       .....                  (no boots)
Stlth    ..........             (no amulet)
HPRegen  0.17/turn              (no ring)
MPRegen  0.09/turn              (no ring)

@: berserking, very quick
A: claws 2
a: Berserk, Trog's Hand, Renounce Religion


You were on level 3 of the Dungeon.
You worshipped Trog.
Trog was pleased with you.
You visited 1 branch of the dungeon, and saw 3 of its levels.

You collected 81 gold pieces.

Inventory:

Hand Weapons
 a - a +0 hand axe (weapon)
Armour
 i - a +0 cloak (worn)
 l - a +0 plate armour (worn)
Scrolls
 b - a scroll of teleportation {unknown}
 c - a scroll of identify {unknown}
 e - a scroll of amnesia {unknown}
 f - 2 scrolls of enchant armour {unknown}
 j - a scroll of remove curse {unknown}
 o - a scroll of blinking {unknown}
 p - a scroll of magic mapping {unknown}
Potions
 d - a potion of curing {unknown}
 g - a potion of mutation {unknown}
 h - 3 potions of heal wounds {unknown}
 k - a potion of degeneration {unknown}
 m - 2 potions of haste {unknown}
 n - a potion of lignification {unknown}


   Skills:
 - Level 3.0 Fighting
 + Level 5.2 Axes
 - Level 1.7 Armour
 - Level 1.7 Dodging


You had 3 spell levels left.
You didn't know any spells.
Your spell library was empty.

Dungeon Overview and Level Annotations

Branches:
Dungeon (3/15)

Altars:


Innate Abilities, Weirdness & Mutations

You have very sharp fingernails.


Message History

The orc hits you.
You hit the orc wizard but do no damage.
The orc wizard is almost dead.
You hit the orc but do no damage.
The orc wizard points at you and mumbles some strange words.
The magic dart hits you!
* * * LOW HITPOINT WARNING * * *
The orc hits you but does no damage.
You hit the orc wizard but do no damage.
The orc wizard is almost dead.
You hit the orc but do no damage.
The orc wizard hits you but does no damage.
The orc hits you but does no damage.
The orc wizard hits you but does no damage.
A red film seems to cover your vision as you go berserk!
You feel yourself moving faster!
You feel mighty! The orc hits you but does no damage.
The orc wizard gestures at you while chanting.
The puff of flame hits you!
You die...

▒·▒·▒▒·▒▒▒▒·▒ ▒▒▒▒
▒·▒······▒▒·▒ ▒···
▒·▒▒▒▒▒···▒▒▒ ▒··· ▒·▒
▒§○§▒ ▒··· ▒·▒ ▒§§☼▒
▒(·· ▒·▒ ▒☼·○▒ ▒···
▒▒▒▒▒·▒▒▒▒▒···▒▒▒▒▒▒··
▒····$·☼°§··$$·§○°·▒··
▒···o@·§§°·····☼○☼····
▒···)o·○☼○···$ §§·▒··
▒·····▒▒▒▒▒··· ▒▒▒··▒
▒·····▒ ▒☼§○ ▒···
▒·····▒ ▒°§· ▒··▒
▒·····▒ ▒§!☼ ▒··▒
▒·····▒▒▒▒▒···▒▒▒▒▒··▒
▒···[·······)··[··[·†·
▒▒▒▒▒▒▒▒▒▒▒)<▒▒


You could see an orc wizard and an orc.

Vanquished Creatures
  An orc wizard (D:3)
  2 adders (D:2)
  An ooze (D:1)
  3 worms
  A dart slug (D:2)
  A leopard gecko (D:3)
  6 orcs (D:3)
  10 bats
  A giant cockroach (D:1)
  5 goblins
  7 hobgoblins
  4 jackals (D:1)
  3 quokkas (D:2)
  A ball python (D:2)
  7 frilled lizards
  3 kobolds
  5 rats
61 creatures vanquished.

Vanquished Creatures (others)
  A worm (D:3)
  A dart slug (D:3)
  A kobold (D:3)
  13 plants
16 creatures vanquished.

Grand Total: 77 creatures vanquished

Notes
Turn   | Place    | Note
-------+----------+-------------------------------------------
     0 | D:1      | Azzok the Demonspawn Berserker began the quest for the Orb.
     0 | D:1      | Reached XP level 1. HP: 18/18 MP: 1/1
    92 | D:1      | Reached skill level 3 in Axes
   190 | D:1      | Gained mutation: You have sharp fingernails. [demonic
                  | ancestry]
   190 | D:1      | Reached XP level 2. HP: 23/24 MP: 2/2
   889 | D:1      | Reached XP level 3. HP: 28/29 MP: 3/3
  1165 | D:2      | Reached skill level 4 in Axes
  1500 | D:2      | Reached ** piety under Trog
  1680 | D:2      | Gained mutation: You have very sharp fingernails. [demonic
                  | ancestry]
  1680 | D:2      | Reached XP level 4. HP: 30/35 MP: 4/4
  2136 | D:3      | Reached skill level 5 in Axes
  2375 | D:3      | Killed from afar by an orc wizard

Illustrated notes

Levels and vault maps discovered:
D:1:      minmay_arrival_shattered_statue, layout_basic, serial_forest,
          infiniplex_forest_lined_ring, infiniplex_forest_fountain,
          infiniplex_forest_clump_curved, infiniplex_forest_clump_diagonal
D:2:      layout_loops_ring, serial_forest, infiniplex_forest_end_3,
          infiniplex_forest_end_double, infiniplex_forest_join,
          infiniplex_forest_end_1, infiniplex_forest_clump_double,
          infiniplex_forest_clump_double, infiniplex_forest_zigzag_1
D:3:      layout_loops_ring, nicolae_overflow_hidden_temple,
          nicolae_tso_carved_into_rock, lemuel_flame_loot_1, uniq_robin

Skill      XL: |  1  2  3  4 |
---------------+-------------+-----
Axes           | 3 4 5 |  5.2
Fighting       | |  3.0
Armour         | |  1.7
Dodging        | |  1.7

Action                   |  1- 3 |  4- 6 || total
-------------------------+-------+-------++-------
Melee: Hand axe          |   130 |    73 ||   203
Invok: Berserk           |       |     1 ||     1
 Stab: Sleeping          |     1 |       ||     1
Armor: Animal skin       |    19 |       ||    19
       Ring mail         |     9 |       ||     9
       Plate armour      |    59 |    67 ||   126
Dodge: Dodged            |    88 |    24 ||   112

Table legend: (Time is in decaauts)
 A = Elapsed time spent in this place.
 B = Non-inter-level travel time spent in this place.
 C = Inter-level travel time spent in this place.
 D = Time resting spent in this place.
 E = Time spent auto-exploring this place.
 F = Levels seen in this place.
 G = Mean time per level.
                   A        B        C        D        E       F      G
               +--------+--------+--------+--------+--------+-----+--------+
         Total |   2394 |   2337 |     57 |     81 |   1770 |   3 |  798.0 |
       Dungeon |   2394 |   2337 |     57 |     81 |   1770 |   3 |  798.0 |
               +--------+--------+--------+--------+--------+-----+--------+

Top non-repeatable levels by time:
     D:1: 1099 daAuts
     D:2: 1076 daAuts
     D:3: 218 daAuts
